 Dungeon Crawl Stone Soup version 0.21.1-1-g345015f (webtiles) character file.

432 tognito the Cleaver (level 6, -1/51 HPs)
             Began as a Minotaur Berserker on May 24, 2018.
             Was a Priest of Trog.
             Slain by an orc warrior
             ... wielding a +0 trident
              (11 damage)
             ... on level 4 of the Dungeon.
             The game lasted 00:06:42 (3569 turns).

tognito the Cleaver (Minotaur Berserker)            Turns: 3569, Time: 00:06:42

Health: -1/51      AC: 11    Str: 28    XL:     6   Next: 67%
Magic:  5/5        EV:  8    Int:  4    God:    Trog [***...]
Gold:   281        SH:  0    Dex:  9    Spells: 5/5 levels left

rFire    . . .     SeeInvis .   a - +0 hand axe
rCold    . . .     Gourm    .   (no shield)
rNeg     . . .     Faith    .   h - +0 chain mail
rPois    .         Spirit   .   (helmet restricted)
rElec    .         Reflect  .   e - +0 cloak
rCorr    .         Harm     .   b - +0 pair of gloves
MR       .....     Clarity  +   o - +0 pair of boots
Stlth    ..........             (no amulet)
HPRegen  0.17/turn              m - +4 ring of strength
MPRegen  0.09/turn              (no ring)

@: heavily drained
A: retaliatory headbutt, horns 2, clarity
a: Berserk, Trog's Hand, Burn Spellbooks, Renounce Religion


You were on level 4 of the Dungeon.
You worshipped Trog.
Trog was most pleased with you.
You were hungry.

You visited 1 branch of the dungeon, and saw 4 of its levels.

You collected 281 gold pieces.

Inventory:

Hand Weapons
 a - a +0 hand axe (weapon)
Missiles
 l - 21 bolts
 n - 41 arrows
Armour
 b - a +0 pair of gloves (worn)
 e - a +0 cloak (worn)
 h - a +0 chain mail (worn)
 o - a +0 pair of boots (worn)
Jewellery
 m - a +4 ring of strength (left hand)
Scrolls
 f - 7 scrolls of identify {unknown}
 g - 2 scrolls of enchant weapon {unknown}
 i - 3 scrolls of amnesia {unknown}
 p - a scroll of teleportation {unknown}
 r - a scroll of random uselessness {unknown}
Potions
 j - a potion of heal wounds
 k - a potion of resistance
 q - a potion of berserk rage
 s - a potion of flight
Comestibles
 c - 9 rations


   Skills:
 - Level 3.6(1.9) Fighting
 + Level 9.2(7.2) Axes
 - Level 2.4(0.8) Armour
 - Level 2.1(0.6) Dodging


You had 5 spell levels left.
You didn't know any spells.

Dungeon Overview and Level Annotations

Branches:
Dungeon (4/15)             Temple (0/1) D:4

Altars:
Cheibriados
Makhleb
Trog
Yredelemnul
Zin
The Shining One

Shops:
D:4 *


Innate Abilities, Weirdness & Mutations

You reflexively headbutt those who attack you in melee.
You have a pair of horns on your head.
You possess an exceptional clarity of mind.


Message History

The orc warrior hits you with a trident!
You hit the orc warrior but do no damage.
The orc warrior hits you with a trident!!
* * * LOW HITPOINT WARNING * * *
You hit the orc warrior but do no damage.
The orc warrior completely misses you.
You hit the orc warrior but do no damage.
You barely miss the orc warrior. The orc warrior completely misses you.
You hit the orc warrior but do no damage.
Your headbutt misses the orc warrior. The orc warrior barely misses you.
You furiously retaliate!
You headbutt the orc warrior, but do no damage.
You hit the orc warrior. Your headbutt misses the orc warrior.
The orc warrior is lightly wounded.
The orc warrior hits you with a trident.
* * * LOW HITPOINT WARNING * * *
You barely miss the orc warrior.
The orc warrior is lightly wounded.
The orc warrior hits you with a trident!
You die...

### #..# ###.##
#..#
.....####..###
......).....)#####
.................#
####.........###.#
..##...###.#.# #.#
#.##...# #.#.# #)#
#.##...# #.#.# #@#
#.##...# #.#.# #o#
#.##...# #...# #o#
#.##...# #.#.# #.#
..##...####### ..#
'###...#≈≈≈≈≈# ..#
...#..##≈...≈# ..#
+#.#...'.._.≈#....
>#.'.."#≈...≈#


You could see an orc warrior and an orc.

Vanquished Creatures
  An ogre (D:4)
  A hound (D:4)
  Jessica (D:2)
  An iguana (D:4)
  2 worker ants (D:4)
  Robin (D:2)
  6 adders
  3 gnolls (D:4)
  A howler monkey skeleton (D:4)
  An ooze (D:1)
  A worm (D:4)
  3 dart slugs (D:1)
  4 leopard geckos
  6 orcs
  8 bats
  3 giant cockroaches
  17 goblins
  11 hobgoblins
  8 jackals
  3 quokkas
  7 frilled lizards
  4 kobolds
  A leopard gecko skeleton (D:4)
  A quokka skeleton (D:4)
  7 rats
102 creatures vanquished.

Notes
Turn   | Place    | Note
-------+----------+-------------------------------------------
     0 | D:1      | tognito the Minotaur Berserker began the quest for the Orb.
     0 | D:1      | Reached XP level 1. HP: 19/19 MP: 0/0
    15 | D:1      | Reached skill level 4 in Axes
    92 | D:1      | Reached XP level 2. HP: 13/26 MP: 1/1
   377 | D:1      | Reached skill level 5 in Axes
   739 | D:1      | Reached XP level 3. HP: 31/31 MP: 2/2
  1012 | D:2      | Gained mutation: Your spells are a little easier to cast, but a little less powerful. [potion of mutation]
  1012 | D:2      | Lost mutation: Your spells are a little easier to cast, but a little less powerful. [potion of mutation]
  1012 | D:2      | Gained mutation: You possess an exceptional clarity of mind. [potion of mutation]
  1134 | D:2      | Noticed Robin
  1138 | D:2      | Reached ** piety under Trog
  1146 | D:2      | Reached XP level 4. HP: 39/39 MP: 3/3
  1147 | D:2      | Reached skill level 6 in Axes
  1148 | D:2      | Killed Robin
  1193 | D:2      | Found a snail-covered altar of Cheibriados.
  1313 | D:2      | Noticed Jessica
  1325 | D:2      | Killed Jessica
  1856 | D:3      | Reached XP level 5. HP: 39/45 MP: 4/4
  1892 | D:3      | Found a basalt altar of Yredelemnul.
  1984 | D:3      | Reached skill level 7 in Axes
  2035 | D:3      | Found a bloodstained altar of Trog.
  2168 | D:3      | Found a burning altar of Makhleb.
  2514 | D:3      | Found a glowing silver altar of Zin.
  2589 | D:3      | Reached *** piety under Trog
  2935 | D:4      | Reached skill level 8 in Axes
  3013 | D:4      | Found Ynaih's Assorted Antiques.
  3027 | D:4      | Reached XP level 6. HP: 51/51 MP: 5/5
  3064 | D:4      | Reached skill level 9 in Axes
  3499 | D:4      | Found a glowing golden altar of the Shining One.
  3512 | D:4      | Found a staircase to the Ecumenical Temple.
  3554 | D:4      | Noticed an orc warrior
  3569 | D:4      | Slain by an orc warrior

Skill      XL: |  1  2  3  4  5  6 |
---------------+-------------------+-----
Axes           | 4 5 6 8 9 |  9.2
Fighting       | |  3.6
Armour         | |  2.4
Dodging        | |  2.1

Action                   |  1- 3 |  4- 6 || total
-------------------------+-------+-------++-------
Melee: Hand axe          |    81 |   174 ||   255
       Headbutt          |     7 |    22 ||    29
Invok: Berserk           |     1 |       ||     1
  Use: Potion            |     8 |     1 ||     9
  Eat: Chunk             |     1 |     8 ||     9
Armor: Animal skin       |     8 |       ||     8
       Ring mail         |    12 |    53 ||    65
       Chain mail        |       |     5 ||     5
Dodge: Dodged            |    57 |    82 ||   139
